 Dungeon Crawl Stone Soup version 0.20.0-8-g6b59dc7 (webtiles) character file.

6122 shpingle the Frost Mage (level 10, -1/86 HPs)
             Began as a White Draconian Ice Elementalist on May 30, 2017.
             Was a Believer of Zin.
             Slain by a freezing wraith (6 damage)
             ... led by a death knight
             ... on level 9 of the Dungeon on May 31, 2017.
             The game lasted 01:18:34 (13886 turns).

shpingle the Frost Mage (DrIE)                     Turns: 13886, Time: 01:18:34

Health: -1/86      AC: 22    Str: 14    XL:     10   Next: 59%
Magic:  17/17      EV: 13    Int: 19    God:    Zin [**....]
Gold:   482        SH:  5    Dex: 11    Spells: 1/19 levels left

rFire    . . .     SeeInvis .   b - staff of conjuration
rCold    + + .     Gourm    .   (no shield)
rNeg     . . .     Faith    .   (armour unavailable)
rPois    .         Spirit   .   x - +2 hat
rElec    .         Reflect  +   v - +2 cloak
rCorr    .         Harm     .   (no gloves)
MR       .....                  (no boots)
Stlth    ++........             Q - +5 amulet of reflection
Regen    0.3/turn               O - +3 ring of strength
MPRegen  0.2/turn               s - +3 ring of protection

@: icy armour, about to teleport, slow
A: breathe frost, unfitting armour, claws 1, blurry vision 1, cold resistance 2,
cold-blooded, AC +7
a: Breathe Frost, Recite, Vitalisation, Donate Gold, Renounce Religion


You were on level 9 of the Dungeon.
You worshipped Zin.
Zin was pleased with you.
You were hungry.

You visited 2 branches of the dungeon, and saw 11 of its levels.
You also visited: Ossuary.

You collected 535 gold pieces.
You donated 53 gold pieces to Zin.

Inventory:

Hand Weapons
 a - a +1 whip of venom
 y - a +2 war axe of electrocution
 C - a +2 dagger of speed
 X - a cursed +4 halberd
Missiles
 g - 4 poisoned javelins (quivered)
 h - 330 stones
 I - 6 tomahawks of dispersal
 Z - 90 arrows
Armour
 v - a +2 cloak (worn)
 x - a +2 hat (worn)
 N - a +0 shield
Magical Staves
 b - an uncursed staff of conjuration (weapon)
 S - an uncursed staff of earth
Jewellery
 k - an uncursed ring of resist corrosion
 l - an uncursed ring of poison resistance
 s - a +3 ring of protection (right claw)
 K - an uncursed ring of flight
 O - a +3 ring of strength (left claw)
 Q - a +5 amulet of reflection (around neck)
Wands
 A - a wand of flame (0/48)
 B - a wand of iceblast (8/15)
 G - a wand of polymorph (12/24)
Scrolls
 j - 3 scrolls of teleportation
 p - a scroll of enchant armour
 r - 3 scrolls of remove curse
 z - a scroll of fear {unknown}
 E - a scroll of fog
 F - 2 scrolls of amnesia
 J - a scroll of recharging
 L - 3 scrolls of enchant weapon {unknown}
 P - a scroll of immolation {unknown}
 U - a scroll of silence {unknown}
 Y - a scroll of blinking
Potions
 m - 2 potions of curing
 n - a potion of ambrosia
 u - 2 potions of cancellation
 D - 3 potions of resistance
 R - 2 potions of brilliance
 T - 2 potions of lignification
 V - a potion of invisibility
 W - a potion of agility
Books
 t - a book of the Sky

   Spells                             Type                      Level
   a - Summon Lightning Spire         Summoning/Air                4
   b - Silence                        Hexes/Air                    5
   c - Deflect Missiles               Charms/Air                   6
   d - Conjure Ball Lightning         Conjuration/Air              6
   e - Tornado                        Air                          9
 w - a book of Transfigurations

   Spells                             Type                      Level
   a - Irradiate                      Conjuration/Transmutation    5
   b - Statue Form                    Transmutation/Earth          6
   c - Hydra Form                     Transmutation                6
   d - Dragon Form                    Transmutation                7
   Zin disapproves of the use of such an item.
 M - a book of Frost

   Spells                             Type                      Level
   a - Freeze                         Ice                          1
   b - Throw Frost                    Conjuration/Ice              2
   c - Ozocubu's Armour               Charms/Ice                   3
   d - Throw Icicle                   Conjuration/Ice              4
   e - Summon Ice Beast               Ice/Summoning                4
Miscellaneous
 q - a lightning rod (inert)
Comestibles
 f - a fruit
 o - 8 bread rations


   Skills:
 + Level 7.1 Fighting
 - Level 3.0 Dodging
 - Level 2.0 Stealth
 + Level 5.3 Spellcasting
 - Level 8.0 Conjurations
 - Level 0.6 Charms
 + Level 2.2 Summonings
 - Level 10.0 Ice Magic
 + Level 2.5 Air Magic
 + Level 2.9 Invocations
 + Level 5.1 Evocations


You had one spell level left.
You knew the following spells:

 Your Spells              Type           Power        Failure   Level  Hunger
a - Freeze                Ice            ####         1%          1    None
b - Throw Frost           Conj/Ice       ######       1%          2    None
c - Ozocubu's Armour      Chrm/Ice       ####....     4%          3    ##.....
d - Throw Icicle          Conj/Ice       ######..     3%          4    ####...
e - Summon Ice Beast      Ice/Summ       ####....     10%         4    ####...
f - Summon Lightning Spi  Summ/Air       ##......     41%         4    ####...


Dungeon Overview and Level Annotations

Branches:
Dungeon (10/15)            Temple (1/1) D:7
   Lair: D:8-11         Orc: D:9-12

Altars:
Ashenzari
Cheibriados
Dithmenos
Elyvilon
Fedhas
Gozag
Hepliaklqana
Kikubaaqudgha
Makhleb
Nemelex Xobeh
Okawaru
Qazlal
Ru
Sif Muna
Trog
Uskayaw
Vehumet
Xom
Yredelemnul
Zin
The Shining One

Annotations:
D:3 Sekkong's ghost, weakling HOFi
D:5 HeyBub's ghost, novice MiMo
D:6 Grinder
D:9 Snack's ghost, journeyman KoWn


Innate Abilities, Weirdness & Mutations

You can breathe waves of freezing cold.
You can buffet flying creatures when you breathe cold.
Your icy white scales are hard. (AC +7)
You cannot fit into any form of body armour.
Your flesh is very cold resistant. (rC++)
You are cold-blooded and may be slowed by cold attacks.
You have sharp fingernails.
Scrolls take you a little longer to read.


Message History

Really read with blurry vision while enemies are nearby?
You begin reading the scroll.
You continue reading the scroll.
As you read the scroll of teleportation, it crumbles to dust.
You feel strangely unstable.
You are not zealous enough to affect this audience!
The freezing wraith barely misses you. The freezing wraith hits you!
* * * LOW HITPOINT WARNING * * *
You take 11 damage, and have 35/86 hp.
The freezing wraith hits you but does no damage.
The freezing wraith barely misses you.
The death knight hits you from afar with a glaive of protection!!
* * * LOW HITPOINT WARNING * * *
You take 30 damage, and have 5/86 hp.
MASSIVE DAMAGE!!
MP restored: 17 Really read with blurry vision while enemies are nearby?
Uppercase [Y]es or [N]o only, please.
Really read with blurry vision while enemies are nearby?
You begin reading the scroll.
You continue reading the scroll.
The freezing wraith hits you.
You die...

██.█ █..█ █..█
█..█ █..█ █..█
█..██████████.
█...p.@W......
██.██████████.
█......p.....


█████████████ █.███ █.... You could see a death knight and a freezing wraith.

Vanquished Creatures
  Joseph (D:9)
  Prince Ribbit (D:6)
  A hippogriff (D:10)
  A shadow (D:8)
  A spriggan (D:7)
  A wraith (D:8)
  6 yaks (D:10)
  A wyvern (D:9)
  A hungry ghost (D:10)
  The ghost of w00t the Grave Robber, an amateur KoNe (D:4)
  3 orc warriors
  2 phantoms (D:8)
  A black bear (D:6)
  5 ogres
  An eye of draining (D:8)
  4 centaurs
  2 bullfrogs
  3 scorpions
  3 killer bees (D:8)
  5 wights
  3 howler monkeys
  3 crimson imps
  8 hounds
  A jelly (D:8)
  3 orc priests
  10 orc wizards
  3 bullfrog skeletons
  2 iguanas
  Terence (D:3)
  7 worker ants
  A killer bee zombie (D:5)
  9 big kobold zombies (Ossuary)
  3 hound zombies
  A hound skeleton (D:8)
  A mummy (Ossuary)
  A worker ant zombie (D:8)
  8 adders
  3 shadow imps
  An ooze (D:6)
  7 worms
  A dart slug (D:1)
  6 leopard geckos
  33 orcs
  8 spectral bats (Ossuary)
  9 giant cockroaches
  2 gnoll zombies (Ossuary)
  15 goblins
  6 hobgoblins
  14 jackals
  5 quokkas
  3 ball pythons
  6 bats
  7 frilled lizards
  A goblin simulacrum (Ossuary)
  8 goblin zombies (Ossuary)
  2 hobgoblin zombies (Ossuary)
  8 kobolds
  2 kobold simulacra (Ossuary)
  3 kobold zombies (Ossuary)
  5 orc zombies (Ossuary)
  3 quokka skeletons
  6 rats
  4 rat simulacra (Ossuary)
  2 spectral kobolds (Ossuary)
  2 spectral rats (Ossuary)
281 creatures vanquished.

Vanquished Creatures (collateral kills)
  A troll (D:8)
  A centaur skeleton (D:8)
  A jelly (D:8)
  A worker ant zombie (D:8)
  A shadow imp (D:8)
  A leopard gecko skeleton (D:8)
6 creatures vanquished.

Vanquished Creatures (others)
  2 bat simulacra (Ossuary)
  A goblin simulacrum (Ossuary)
  A rat simulacrum (Ossuary)
4 creatures vanquished.

Grand Total: 291 creatures vanquished

Notes
Turn   | Place    | Note
-------+----------+-------------------------------------------
     0 | D:1      | shpingle the Draconian Ice Elementalist began the quest for the Orb.
     0 | D:1      | Reached XP level 1. HP: 14/14 MP: 3/3
   268 | D:1      | Reached XP level 2. HP: 20/20 MP: 0/5
   590 | D:1      | Learned a level 2 spell: Throw Frost
   713 | D:1      | Reached XP level 3. HP: 22/26 MP: 1/6
  1288 | D:2      | Reached skill level 3 in Spellcasting
  1413 | D:2      | Reached XP level 4. HP: 33/33 MP: 5/8
  2339 | D:3      | Noticed Terence
  2348 | D:3      | Killed Terence
  2348 | D:3      | Reached XP level 5. HP: 29/38 MP: 2/9
  2436 | D:3      | Reached skill level 3 in Dodging
  2521 | D:3      | Reached skill level 4 in Ice Magic
  2639 | D:3      | Noticed Sekkong's ghost (weakling HOFi)
  3274 | D:4      | Reached skill level 3 in Conjurations
  3321 | D:4      | Noticed w00t's ghost (amateur KoNe)
  3517 | D:4      | Reached XP level 6. HP: 45/45 MP: 1/10
  3692 | D:4      | HP: 2/45 [orc priest/divine providence (13)]
  4296 | D:5      | Entered Level 5 of the Dungeon
  4458 | D:5      | Reached skill level 5 in Ice Magic
  4619 | D:5      | Your scales start taking on an icy white colour.
  4619 | D:5      | Reached skill level 6 in Ice Magic
  4619 | D:5      | Reached XP level 7. HP: 50/50 MP: 5/11
  4619 | D:5      | Gained mutation: Your flesh is cold resistant. (rC+) [White Draconian growth]
  4741 | D:5      | Noticed HeyBub's ghost (novice MiMo)
  4873 | D:5      | HP: 2/50 [something/magic dart (3)]
  5077 | D:4      | Killed w00t's ghost
  5607 | D:5      | Reached skill level 7 in Ice Magic
  5613 | D:5      | Learned a level 4 spell: Throw Icicle
  5697 | D:6      | Noticed Prince Ribbit
  5714 | D:6      | Killed Prince Ribbit
  5978 | D:6      | Reached skill level 8 in Ice Magic
  5978 | D:6      | Reached XP level 8. HP: 57/57 MP: 7/12
  6086 | D:6      | Reached skill level 6 in Conjurations
  7286 | D:6      | Noticed Grinder
  7294 | D:6      | Gained mutation: Scrolls take you a little longer to read. [potion of mutation]
  7294 | D:6      | Gained mutation: Your flesh is very cold resistant. (rC++) [potion of mutation]
  7294 | D:6      | Gained mutation: You have sharp fingernails. [potion of mutation]
  7309 | D:6      | Paralysed by something for 7 turns
  7429 | D:7      | Reached skill level 9 in Ice Magic
  7483 | D:7      | Learned a level 3 spell: Ozocubu's Armour
  7631 | D:7      | Found a sand-covered staircase.
  7727 | Ossuary  | Entered an ossuary
  8065 | Ossuary  | Reached skill level 3 in Fighting
  8919 | D:7      | Reached XP level 9. HP: 41/71 MP: 13/13
  9365 | D:7      | Found a staircase to the Ecumenical Temple.
  9371 | Temple   | Entered the Ecumenical Temple
 10181 | D:8      | Found a snail-covered altar of Cheibriados.
 10335 | D:8      | Reached skill level 10 in Ice Magic
 11165 | D:8      | Reached skill level 3 in Evocations
 11184 | D:8      | Reached skill level 6 in Fighting
 11628 | D:8      | Noticed a rakshasa
 11628 | D:8      | Upgraded the game from 0.20.0-7-g3b7b877 to 0.20.0-8-g6b59dc7
 11641 | D:8      | Learned a level 4 spell: Summon Ice Beast
 11673 | D:8      | Noticed a manticore
 11699 | D:9      | Noticed a troll
 11709 | D:8      | Killed a troll
 11709 | D:8      | Reached XP level 10. HP: 57/84 MP: 1/16
 12052 | D:8      | Found a shattered altar of Ashenzari.
 12056 | D:8      | Found a shimmering altar of Xom.
 12063 | D:8      | Found a bloodstained altar of Trog.
 12063 | D:8      | Found an opulent altar of Gozag.
 12136 | Temple   | Became a worshipper of Zin the Law-Giver
 12136 | Temple   | Reached * piety under Zin
 12136 | Temple   | Reached ** piety under Zin
 12305 | D:8      | Learned a level 4 spell: Summon Lightning Spire
 12593 | D:9      | Noticed Snack's ghost (journeyman KoWn)
 12597 | D:9      | Noticed Joseph
 12931 | D:10     | Entered Level 10 of the Dungeon
 13324 | D:10     | Found a blossoming altar of Fedhas.
 13639 | D:9      | Noticed a death knight
 13663 | D:9      | Killed Joseph
 13886 | D:9      | Slain by a freezing wraith

Skill      XL: |  1  2  3  4  5  6  7  8  9 10 |
---------------+-------------------------------+-----
Dodging        | 2 3 |  3.0
Stealth        | 2 |  2.0
Spellcasting   | 3 4 5 |  5.3
Conjurations   | 2 3 4 5 7 8 |  8.0
Ice Magic      | 4 6 8 9 10 | 10.0
Fighting       | 3 6 7 |  7.1
Evocations     | 4 5 |  5.1
Invocations    | 2 |  2.9
Summonings     | 2 |  2.2
Air Magic      | 2 |  2.5
Charms         | |  0.6

Action                   |  1- 3 |  4- 6 |  7- 9 | 10-12 || total
-------------------------+-------+-------+-------+-------++-------
Melee: Mace              |    18 |    18 |       |       ||    36
       Tailslap          |     3 |     5 |    76 |    10 ||    94
       Dagger            |       |    54 |    40 |       ||    94
       Whip              |       |       |   602 |    53 ||   655
       Staff             |       |       |       |     9 ||     9
Throw: Javelin           |       |     1 |    10 |       ||    11
 Cast: Freeze            |    59 |   121 |   143 |     1 ||   324
       Throw Frost       |       |     4 |    33 |    21 ||    58
       Throw Icicle      |       |       |    30 |    15 ||    45
       Ozocubu's Armour  |       |       |     9 |     6 ||    15
       Summon Ice Beast  |       |       |     3 |    13 ||    16
Invok: Recite            |       |       |       |     1 ||     1
 Abil: Breathe Frost     |       |       |     7 |     2 ||     9
Evoke: Wand              |       |       |    14 |     1 ||    15
       Lightning rod     |       |       |       |     4 ||     4
  Use: Scroll            |       |    10 |    10 |     4 ||    24
       Potion            |       |     1 |     7 |     2 ||    10
 Stab: Distracted        |     1 |       |     3 |     1 ||     5
       Sleeping          |     1 |     1 |     2 |       ||     4
       Invisible         |       |       |       |     1 ||     1
  Eat: Chunk             |     2 |    10 |    16 |     9 ||    37
       Royal jelly       |       |       |     1 |       ||     1
       Meat ration       |       |       |     3 |       ||     3
       Fruit             |       |       |       |     5 ||     5
Armor: Skin              |    11 |    56 |   299 |    37 ||   403
Dodge: Dodged            |    37 |    90 |   364 |    76 ||   567
Block: Other             |       |       |   126 |    20 ||   146
       Reflection        |       |       |     3 |     2 ||     5
